 Dungeon Crawl Stone Soup version 0.27.1 (webtiles) character file.

Game seed: 15691859977865742315

4 porog the Covered (level 1, -2/20 HPs)
             Began as a Minotaur Fighter on Sept 2, 2021.
             Slain by a gnoll (5 damage)
             ... on level 1 of the Dungeon.
             The game lasted 00:01:40 (81 turns).

porog the Covered (Minotaur Fighter)                  Turns: 81, Time: 00:01:41

Health: -2/20      AC:  7    Str: 20    XL:     1   Next: 58%
Magic:  0/0        EV:  7    Int:  5    God:
Gold:   0          SH:  9    Dex:  9    Spells: 0/0 levels left

rFire    . . .     SeeInvis .   a - +0 flail
rCold    . . .     Faith    .   c - +0 kite shield
rNeg     . . .     Spirit   .   b - +0 scale mail
rPois    .         Reflect  .   (helmet restricted)
rElec    .         Harm     .   (no cloak)
rCorr    .         Rampage  .   (no gloves)
Will     .....                  (no boots)
Stlth    ..........             (no amulet)
HPRegen  0.06/turn              (no ring)
MPRegen  0.07/turn              (no ring)

@: mighty
A: horns 2, retaliatory headbutt
a: no special abilities


You were on level 1 of the Dungeon.
You visited 1 branch of the dungeon, and saw 1 of its levels.

Inventory:

Hand Weapons
 a - a +0 flail (weapon)
Missiles
 e - 14 sling bullets
 f - 2 stones (quivered)
Armour
 b - a +0 scale mail (worn)
 c - a +0 kite shield (worn)


   Skills:
 + Level 3.7 Fighting
 * Level 2.5 Maces & Flails
 + Level 3.7 Armour
 + Level 3.7 Shields


You couldn't memorise any spells.
You didn't know any spells.
Your spell library was empty.

Dungeon Overview and Level Annotations

Branches:
Dungeon (1/15)

Altars:


Innate Abilities, Weirdness & Mutations

You have a pair of horns on your head.
You reflexively headbutt those who attack you in melee.


Message History

A ball python comes into view.
The ball python hisses angrily.
You hear a shout!
The bat hits you but does no damage.
A bat comes into view.
You block the bat's attack. You block the frilled lizard's attack.
A gnoll comes into view. It is wielding a +0 spear.
You hit the frilled lizard.
You kill the frilled lizard!
You block the bat's attack. The bat barely misses you. x2
You barely miss the bat. Your headbutt misses the bat.
You block the bat's attack. x2; The bat hits you but does no damage.
You hit the bat but do no damage. You block the bat's attack.
The bat hits you but does no damage. The bat closely misses you.
You block the ball python's attack. The ball python grabs you.
The ball python constricts you. You block the ball python's attack.
The ball python constricts you. The bat hits you but does no damage.
You hit the ball python.
You kill the ball python!
The bat hits you but does no damage. x3; The gnoll barely misses you.
You miss the bat. You block the bat's attack. The bat closely misses you.
The gnoll hits you from afar with a +0 spear.
The bat hits you but does no damage.
You barely miss the bat. You block the bat's attack.
The bat hits you but does no damage.
The gnoll hits you from afar with a +0 spear. x2
You barely miss the bat. You block the bat's attack.
The bat barely misses you. x2
The gnoll hits you from afar with a +0 spear.
You block the bat's attack.
You are too injured to fight recklessly!
You block the bat's attack. The bat barely misses you.
You closely miss the bat. You block the bat's attack.
The bat barely misses you. You block the gnoll's attack.
The gnoll hits you from afar with a +0 spear.
* * * LOW HITPOINT WARNING * * *
The bat hits you but does no damage. The bat hits you.
* * * LOW HITPOINT WARNING * * *
You feel very mighty all of a sudden. The bat hits you but does no damage. x2
The gnoll hits you from afar with a +0 spear.
You die...

### ... ... .. .. ..
.... ####. . ...♣
#.#......##. ....♣
#.#.###....# ...?♣
#.#.##.....##....♣
#.#.#....b@#.....♣
#.#.#....b.......♣♣
#.#.#......g......♣
#.#.##...).........
#####.#.###...##..##...
#.......# ##.###...# ..
#.###.######...#.#...
#.# #.................
#.# ########...........


You could see a gnoll and 2 bats.

Vanquished Creatures
  An endoplasm (D:1)
  A giant cockroach (D:1)
  A ball python (D:1)
  A frilled lizard (D:1)
  A goblin (D:1)
5 creatures vanquished.

Notes
Turn   | Place    | Note
-------+----------+-------------------------------------------
     0 | D:1      | porog the Minotaur Fighter began the quest for the Orb.
     0 | D:1      | Reached XP level 1. HP: 19/19 MP: 0/0
    81 | D:1      | Slain by a gnoll

Illustrated notes

Levels and vault maps discovered:
D:1:      lightli_iron_boxes, layout_loops_ring,
          chequers_ecumenical_altar_island, minmay_crystal_room,
          kennysheep_decorative_pillar, st_stairs_8, roderic_lattice_a

Action                   || total
-------------------------++-------
Melee: Flail             ||    14
  Use: Potion            ||     1
Armor: Scale mail        ||    22
Dodge: Dodged            ||    12
Block: Kite shield       ||    22
